 Dungeon Crawl Stone Soup version 0.18.1-8-gdd0e5ea (webtiles) character file.

628696 mrath the Eclecticist (level 27, -14/172 HPs)
             Began as a Gargoyle Earth Elementalist on May 29, 2016.
             Was the Champion of Vehumet.
             Demolished by a caustic shrike (18 damage)
             ... on level 3 of the Depths on June 4, 2016.
             The game lasted 15:45:25 (123060 turns).

mrath the Eclecticist (GrEE)                      Turns: 123060, Time: 15:45:26

Health: -14/172    AC: 31    Str: 21    XL:     27
Magic:  5/56       EV: 30    Int: 29    God:    Vehumet [******]
Gold:   4303       SH: 16    Dex: 15    Spells: 14 memorised, 10 levels left

rFire  + . .     SeeInvis +     n - staff of energy
rCold  . . .     Gourm    .     p - +4 robe of Night {+Inv MR+ SInv Stlth+}
rNeg   + . .     Faith    .     b - +2 shield {AC+3}
rPois  ∞         Spirit   .     e - +2 hat {Int+3}
rElec  +         Dismiss  .     c - +1 cloak "Woutiutz" {Dex+4}
rCorr  .         Reflect  .     i - +2 pair of gloves
SustAt .         Harm     .     W - +1 pair of boots of Leaves {*Drain +Inv Str+7 Int-3}
MR     +++..     Rnd*Rage +     x - amulet of magic regeneration
Stlth  +++.......               l - ring of the Octopus King {MP+9 AC+1 EV+1 Str+1 Int+1 Dex+1}
                                T - ring of Shaolin {EV+8}

@: about to teleport, corroded, flying, extremely resistant to hostile
enchantments, fairly stealthy
A: big wings, berserk 1, fire resistance 1, negative energy resistance 1,
electricity resistance, unbreathing, petrification resistance, rot immunity, AC
+20
a: Stop Flying, Renounce Religion, Evoke Invisibility
}: 3/15 runes: decaying, serpentine, silver


You were on level 3 of the Depths.
You worshipped Vehumet.
Vehumet was exalted by your worship.
You were hungry.

You visited 9 branches of the dungeon, and saw 47 of its levels.
You visited the Abyss 1 time.
You visited 1 bazaar.
You also visited: Trove and Bailey.

You collected 6990 gold pieces.
You spent 2687 gold pieces at shops.

Inventory:

Hand Weapons
 B - a +3 flail of protection
Missiles
 o - 14 silver javelins (quivered)
Armour
 b - a +2 shield of protection (worn)
 c - the +1 cloak "Woutiutz" (worn) {Dex+4}
   (You found it on level 3 of the Swamp)

   It affects your dexterity (+4).
 d - a gold dragon hide
 e - a +2 hat of intelligence (worn)
 i - a +2 pair of gloves (worn)
 p - the +4 robe of Night (worn) {+Inv MR+ SInv Stlth+}
   (You found it on level 4 of the Lair of Beasts)

   It affects your resistance to hostile enchantments.
   It lets you see invisible.
   It lets you turn invisible.
   It makes you more stealthy.
 w - a +3 scale mail of magic resistance
 W - the +1 pair of boots of Leaves (worn) {*Drain +Inv Str+7 Int-3}
   (You found it on level 3 of the Swamp)

   It affects your strength (+7).
   It affects your intelligence (-3).
   It lets you turn invisible.
   It causes draining when unequipped.
Magical Staves
 n - an uncursed staff of energy (weapon)
Rods
 F - a +6 rod of clouds (14/14)
   (You took it off a deep elf demonologist on level 3 of the Elven Halls)
Jewellery
 l - a ring of the Octopus King (right hand) {MP+9 AC+1 EV+1 Str+1 Int+1 Dex+1}
   (You found it on level 3 of the Vaults)

   [ring of magical power]

   It affects your AC (+1).
   It affects your evasion (+1).
   It affects your strength (+1).
   It affects your intelligence (+1).
   It affects your dexterity (+1).
   It affects your magic capacity (+9).
 t - an uncursed ring of sustain attributes
 x - an amulet of magic regeneration (around neck)
 T - the ring of Shaolin (left hand) {EV+8}
   (You found it on level 2 of the Lair of Beasts)

   [ring of evasion]

   It affects your evasion (+8).
 U - a +3 ring of protection
Wands
 f - a wand of disintegration (16/24)
 v - a wand of iceblast (15/15)
 E - a wand of teleportation (2/9)
 G - a wand of digging (3/24)
 O - a wand of digging (14/24)
 Q - a wand of lightning (9/15)
 Y - a wand of acid (4/15)
Scrolls
 g - 3 scrolls of magic mapping
 h - 6 scrolls of blinking
 k - 14 scrolls of remove curse
 r - 13 scrolls of teleportation
 s - a scroll of fear
 y - 4 scrolls of fog
 z - 6 scrolls of identify
 K - a scroll of recharging
 L - 4 scrolls of summoning
Potions
 a - 4 potions of cure mutation
 j - a potion of haste
 q - 18 potions of curing
 u - a potion of ambrosia
 A - 3 potions of heal wounds
 C - 5 potions of cancellation
 J - 3 potions of agility
 M - a potion of magic
Miscellaneous
 m - a fan of gales
 H - a box of beasts
 N - a phial of floods
 R - a lamp of fire
Comestibles
 D - 5 bread rations
 I - 2 meat rations
 P - 7 chunks of flesh
 S - 7 beef jerkies
 V - 3 fruits


   Skills:
 + Level 17.3 Fighting
 - Level 6.4 Maces & Flails
 + Level 17.4 Armour
 + Level 13.9 Dodging
 - Level 2.1 Stealth
 + Level 14.9 Shields
 + Level 20.4 Spellcasting
 + Level 17.6 Conjurations
 - Level 0.7 Transmutations
 * Level 16.1 Fire Magic
 + Level 19.4 Earth Magic
 + Level 15.0 Evocations


You had 10 spell levels left.
You knew the following spells:

 Your Spells              Type           Power        Failure   Level  Hunger
a - Sandblast             Erth           ######       0%          1    None
b - Stone Arrow           Conj/Erth      ######       0%          3    None
c - Lee's Rapid Deconstr  Erth           #######...   0%          5    None
d - Magic Dart            Conj           ####         0%          1    None
e - Sticky Flame          Conj/Fire      #######.     0%          4    None
f - Shroud of Golubria    Chrm/Tloc      ####......   1%          2    None
g - Bolt of Magma         Conj/Fire/Erth #######...   1%          5    None
h - Fireball              Conj/Fire      #######...   1%          5    None
i - Iron Shot             Conj/Erth      #######...   1%          6    None
j - Bolt of Fire          Conj/Fire      #######...   1%          6    None
k - Ignite Poison         Fire/Trmt/Pois ######..     1%          3    None
l - Force Lance           Conj/Tloc      ######..     1%          4    None
m - Mephitic Cloud        Conj/Pois/Air  ######..     1%          3    None
n - Lehudib's Crystal Sp  Conj/Erth      #######...   1%          8    None


Dungeon Overview and Level Annotations

Branches:
Dungeon (15/15)            Temple (1/1) D:4            Lair (8/8) D:9
  Swamp (4/4) Lair:3        Snake (4/4) Lair:3        Slime (0/6) Lair:8
    Orc (2/2) D:9             Elf (3/3) Orc:2        Vaults (5/5) D:13
  Crypt (0/3) Vaults:2     Depths (5/5) D:15
    Zot: Depths:5

Altars:
Ashenzari
Dithmenos
Elyvilon
Fedhas
Gozag
Kikubaaqudgha
Makhleb
Nemelex Xobeh
Pakellas
Qazlal
Sif Muna
Trog
Vehumet
Xom
Yredelemnul
Zin
The Shining One
Beogh

Shops:
D:15 ?**   Orc:1 }   Orc:2 !(%:   Elf:2 [   Vaults:2 (   Vaults:5 [

Portals:
Hell: Depths:1 Depths:2 Depths:3 Depths:4 Depths:5
Abyss: Depths:3 Depths:4
Pandemonium: Depths:3 Depths:4
Ziggurat: Depths:3

Annotations:
D:2 Terence
D:3 Eustachio
D:8 nikopol's ghost, novice MiBe
Lair:7 exclusion: oklob plant


Innate Abilities, Weirdness & Mutations

You are resistant to torment.
Your stone body is resilient (AC +20).
You are immune to poison.
Your large and strong wings let you fly indefinitely.
You resist negative energy.
You are resistant to electric shocks.
You can survive without breathing.
You are immune to petrification.
You are immune to rotting.
You tend to lose your temper in combat.
Your flesh is heat resistant.


Message History

The caustic shrike completely misses you.
The caustic shrike barely misses you.
Drink which item? (? for menu, Esc to quit)
You feel much better. You block the caustic shrike's attack.
The caustic shrike closely misses you. You block the caustic shrike's attack.
The caustic shrike claws you but does no damage.
The caustic shrike claws you.
* * * LOW HITPOINT WARNING * * *
You are splashed with acid!
The acid burns!
* * * LOW HITPOINT WARNING * * *
Read which item? (? for menu, Esc to quit)
As you read the scroll of teleportation, it crumbles to dust.
You feel strangely unstable.
The caustic shrike completely misses you.
The caustic shrike claws you!
* * * LOW HITPOINT WARNING * * *
You are splashed with acid!
The acid burns!
* * * LOW HITPOINT WARNING * * *
The caustic shrike claws you!!
You die...

≈≈8#......................##..#
8≈##........(.(.....#.........#
#≈≈#..............####........#
≈≈.#...........##.(###.......##
8≈##.............#.#.......###
#≈≈#............)#.......###
≈[♣#.........##[[.......###
''##....<...........(.....#
≈≈♣#...........b@(.......##
≈≈⌠#.......≈≈≈..bb.##.#.##
≈≈##.......≈≈...)≈...####
≈≈#.............≈>...##
≈##........#.≈.≈≈[[≈..##
##.........#......≈≈...#
#.≈≈...........##......#
#..≈..................##
##....................#


You could see 3 caustic shrikes.

Vanquished Creatures
  An ancient lich (Vaults:4)
  The ghost of anything the Merry Centaur, a veteran CeHu of Okawaru (Depths:4)
  3 juggernauts
  Frederick (Vaults:5)
  2 caustic shrikes
  Nikola (Snake:4)
  Xtahua (Vaults:2)
  6 golden dragons
  The ghost of simples the Executioner, an adept MiBe of Trog (Vaults:3)
  An iron giant (Depths:3)
  Jorgrun (Vaults:2)
  6 tentacled monstrosities
  9 titans
  7 liches
  Asterion (Depths:1)
  6 sphinxes
  2 deep elf master archers (Elf:3)
  4 quicksilver dragons
  3 deep elf blademasters
  Gastronok (Lair:3)
  Frances (Swamp:2)
  6 storm dragons
  Kirke (Lair:8)
  3 thorn hunters
  6 shadow dragons
  Wiglaf (Vaults:4)
  12 greater nagas
  10 tengu reavers
  An emperor scorpion (Depths:3)
  17 fire giants
  2 iron dragons
  20 vault wardens
  Donald (Lair:3)
  5 deep elf sorcerers
  18 frost giants
  2 deep elf elementalists (Elf:3)
  Aizul (Snake:2)
  19 ironheart preservers
  4 war gargoyles
  36 stone giants
  31 very ugly things
  2 spriggan defenders (Depths:3)
  4 vampire knights
  Azrael (Snake:1)
  8 deep elf demonologists
  4 dire elephants (Lair:8)
  3 salamander stormcallers
  5 deep elf annihilators
  The ghost of ReniFell the Fighter, a journeyman MiFi of Okawaru (D:12)
  A white draconian (Depths:5)
  A mottled draconian (Depths:5)
  13 spark wasps
  Snorg (Lair:5)
  A merfolk javelineer (Depths:2)
  3 merfolk impalers
  46 vault guards
  A crystal guardian (Vaults:4)
  A minotaur (shapeshifter) (Vaults:1)
  11 deep elf death magi
  20 ettins
  17 fire dragons
  4 deep elf high priests
  5 jiangshi
  7 rakshasas
  9 great orbs of eyes
  9 entropy weavers
  18 yaktaur captains
  38 hydras
  A spriggan air mage (Depths:3)
  14 ice dragons
  3 ghost crabs
  A ghost crab (shapeshifter) (Depths:2)
  9 centaur warriors
  A catoblepas (Lair:7)
  21 anacondas
  8 tengu warriors
  4 death knights
  19 naga warriors
  The ghost of simples the Cleaver, a novice MiBe of Trog (D:9)
  14 deep troll shamans
  9 alligators
  19 death yaks
  18 ogre magi
  4 vampire magi
  13 hell knights
  A titan zombie (Depths:3)
  5 orc high priests
  10 deep troll earth magi
  19 dancing weapons
  13 naga sharpshooters
  11 shock serpents
  12 spriggan berserkers
  7 iron trolls
  20 deep elf knights
  3 fire crabs
  2 salamander mystics
  12 skeletal warriors
  3 shadow wraiths
  6 unseen horrors
  2 giant orange brains (shapeshifter)
  A deep troll (shapeshifter) (Vaults:3)
  35 deep trolls
  5 flayed ghosts
  2 swamp dragons (shapeshifter)
  An unseen horror (shapeshifter) (Depths:4)
  An orange crystal statue (Depths:3)
  15 swamp dragons
  10 naga ritualists
  5 giant orange brains
  5 shambling mangroves
  31 ironbrand convokers
  4 spriggan druids
  11 hill giants
  A phantasmal warrior (Vaults:5)
  2 golden dragon skeletons
  An obsidian statue (Snake:1)
  8 wizards
  5 harpies
  An orb spider (shapeshifter) (Vaults:1)
  14 deep elf archers
  21 mana vipers
  2 harpies (shapeshifter)
  13 necromancers
  9 orc sorcerers
  12 griffons
  7 hornets
  21 orc knights
  A shining eye (shapeshifter) (Depths:2)
  76 deep elf magi
  A fire giant zombie (Vaults:5)
  20 salamanders
  50 ugly things
  2 shadow dragon skeletons
  A frost giant zombie (D:15)
  A salamander (shapeshifter) (Vaults:4)
  3 manticores (Elf:2)
  3 cyclopes
  5 human zombies
  A sphinx skeleton (Vaults:4)
  6 wolf spiders
  2 rust devils
  2 frost giant skeletons
  2 water nymphs (shapeshifter)
  A black mamba (shapeshifter) (Depths:4)
  48 black mambas
  19 guardian serpents
  An apocalypse crab (Abyss:2)
  16 vault sentinels
  24 naga magi
  23 elephants
  5 centaur zombies
  A spiny frog (shapeshifter) (Depths:3)
  5 spectral swamp worms
  3 torpor snails
  2 elf skeletons (Vaults:5)
  A gargoyle (D:12)
  26 spiny frogs
  A yaktaur zombie (Vaults:3)
  38 yaktaurs
  5 kobold demonologists
  6 freezing wraiths
  A komodo dragon (shapeshifter) (Elf:1)
  14 komodo dragons
  An efreet (D:14)
  A red devil (Depths:3)
  A queen bee (D:13)
  A tengu conjurer (Depths:4)
  A demonic crawler (Abyss:2)
  5 trolls
  4 giant leeches
  A yaktaur skeleton (Vaults:5)
  A jumping spider (shapeshifter) (Vaults:3)
  A polar bear (Vaults:1)
  A merfolk (shapeshifter) (Vaults:2)
  7 raiju (Abyss:2)
  A shadow dragon simulacrum (Depths:3)
  A blink frog (shapeshifter) (Vaults:3)
  8 boulder beetles
  25 blink frogs
  A sphinx simulacrum (Vaults:1)
  23 two-headed ogres
  8 bog bodies
  A stone giant simulacrum (Vaults:3)
  5 large abominations
  2 human simulacra
  2 slime creatures (shapeshifter)
  55 slime creatures
  An ettin zombie (Vaults:4)
  A tarantella (shapeshifter) (Depths:3)
  17 spriggans
  A spriggan (shapeshifter) (Depths:3)
  4 shadows
  5 air elementals
  9 small abominations
  4 wraiths
  6 redbacks
  22 water elementals
  2 wyverns
  A tarantella (Depths:1)
  8 fire elementals
  A vampire (D:14)
  4 hogs
  2 hogs (shapeshifter)
  A human (shapeshifter) (Depths:3)
  7 basilisks
  A basilisk (shapeshifter) (D:15)
  49 yaks
  6 hungry ghosts
  A golden eye (shapeshifter) (Vaults:4)
  A steam dragon (shapeshifter) (Vaults:5)
  A neqoxec (Abyss:2)
  15 hippogriffs
  A steam dragon (Lair:4)
  4 chaos spawn
  A yaktaur simulacrum (Vaults:5)
  21 swamp worms
  43 vampire mosquitoes
  2 hippogriffs (shapeshifter)
  27 insubstantial wisps
  A soldier ant (D:10)
  3 mottled dragons
  13 wargs
  54 nagas
  6 hell hounds
  15 water moccasins
  4 giant eyeballs (Depths:4)
  15 porcupines
  2 black bears
  42 orc warriors
  7 ice beasts
  17 swamp drakes
  3 sky beasts
  2 eyes of draining
  2 ettin simulacra
  5 phantoms
  28 wasps
  2 boggarts
  An elf zombie (Vaults:3)
  A necrophage (D:11)
  23 centaurs
  58 ogres
  34 wolves
  A wolf (shapeshifter) (Vaults:5)
  6 big kobolds
  12 crocodiles
  28 giant frogs
  2 human skeletons
  An earth elemental (Elf:3)
  A boulder beetle zombie (Vaults:1)
  2 wyvern skeletons
  15 scorpions
  2 troll zombies (D:9)
  13 wights
  38 killer bees
  2 vampire bats (Lair:3)
  11 howler monkeys
  An electric eel (D:13)
  9 crimson imps
  37 orc priests
  8 hounds
  A jelly (D:15)
  3 centaur skeletons
  A giant frog skeleton (D:10)
  43 orc wizards
  Jessica (D:3)
  11 iguanas
  Natasha (thrice) (D:3)
  20 worker ants
  2 boulder beetle simulacra (Vaults:2)
  2 killer bee zombies
  38 sheep
  A sheep (shapeshifter) (Depths:4)
  4 ogre zombies (D:9)
  2 hound zombies
  2 hound skeletons
  The ghost of kak the Ducker, a weakling SpAK of Lugonu (D:3)
  A worker ant zombie (D:10)
  10 gnolls
  20 adders
  An adder (shapeshifter) (Vaults:1)
  48 river rats
  6 shadow imps
  4 white imps
  2 adder zombies
  An adder skeleton (D:9)
  7 worms
  3 dart slugs (D:1)
  10 giant geckos
  117 orcs
  2 ball pythons
  19 bats
  7 giant cockroaches
  12 goblins
  A goblin (shapeshifter) (Depths:4)
  5 hobgoblins
  15 jackals
  6 quokkas
  A giant gecko skeleton (D:5)
  10 giant newts
  2 goblin skeletons
  3 goblin zombies
  3 hobgoblin zombies
  17 kobolds
  4 kobold skeletons (D:5)
  3 kobold zombies (D:5)
  2 orc skeletons (D:5)
  14 orc zombies (D:9)
  12 rats
  A spectral orc (D:4)
  3 crawling corpses
  3 fungi
  5 plants (Lair:8)
2901 creatures vanquished.

Vanquished Creatures (collateral kills)
  A vault warden (Vaults:4)
  A vault sentinel (Vaults:4)
  A fire vortex (Vaults:4)
3 creatures vanquished.

Vanquished Creatures (others)
  2 tengu reavers (Depths:3)
  A salamander (Vaults:4)
  A naga mage (Snake:4)
  A water elemental (Depths:2)
  A human (Lair:8)
  An orc priest (Vaults:2)
  5 sheep (D:6)
  An orc (Vaults:2)
  A kobold (Vaults:3)
  2 briar patches (Swamp:4)
  44 fungi
  32 plants
  2 starspawn tentacles (Abyss:2)
  13 starspawn tentacle segments (Abyss:2)
  3 withered plants (D:15)
110 creatures vanquished.

Grand Total: 3014 creatures vanquished

Notes
Turn   | Place    | Note
--------------------------------------------------------------
     0 | D:1      | mrath the Gargoyle Earth Elementalist began the quest for the Orb.
     0 | D:1      | Reached XP level 1. HP: 10/10 MP: 3/3
   126 | D:1      | Reached XP level 2. HP: 5/15 MP: 3/5
   635 | D:1      | Reached XP level 3. HP: 19/19 MP: 2/7
  1004 | D:1      | Learned a level 3 spell: Stone Arrow
  1035 | D:2      | Reached skill level 3 in Spellcasting
  1650 | D:2      | Found a burning altar of Makhleb.
  1669 | D:2      | Reached XP level 4. HP: 24/24 MP: 3/8
  1804 | D:2      | Reached skill level 1 in Conjurations
  1917 | D:2      | Noticed Terence
  2516 | D:3      | Reached XP level 5. HP: 21/28 MP: 4/10
  2856 | D:3      | Noticed Natasha
  2861 | D:3      | Killed Natasha
  2969 | D:3      | Noticed kak's ghost (weakling SpAK)
  2977 | D:3      | Killed kak's ghost
  2988 | D:3      | Reached skill level 4 in Spellcasting
  3120 | D:3      | Found a blossoming altar of Fedhas.
  3262 | D:3      | Noticed Natasha
  3310 | D:3      | Reached skill level 5 in Earth Magic
  3407 | D:3      | Noticed Jessica
  3430 | D:3      | Reached XP level 6. HP: 31/32 MP: 4/12
  3436 | D:3      | Killed Natasha
  3756 | D:3      | Killed Jessica
  4082 | D:3      | Noticed Natasha
  4091 | D:3      | Killed Natasha
  4178 | D:3      | Reached skill level 5 in Spellcasting
  4408 | D:4      | Found a glowing drain.
  4547 | D:4      | Found a staircase to the Ecumenical Temple.
  4555 | Temple   | Entered the Ecumenical Temple
  4662 | Temple   | Became a worshipper of Vehumet
  4790 | D:4      | Noticed a phantom
  4791 | D:4      | Reached XP level 7. HP: 32/36 MP: 5/14
  4888 | D:4      | Found an ancient bone altar of Kikubaaqudgha.
  4888 | D:4      | Found a shattered altar of Ashenzari.
  5218 | D:4      | Noticed Eustachio
  5417 | D:4      | Found a basalt altar of Yredelemnul.
  6894 | D:5      | Entered Level 5 of the Dungeon
  6897 | D:5      | Reached skill level 6 in Spellcasting
  6897 | D:5      | Reached XP level 8. HP: 41/41 MP: 6/17
  7031 | D:5      | Found a glowing golden altar of the Shining One.
  7183 | D:5      | Reached * piety under Vehumet
  7183 | D:5      | Offered knowledge of Freeze by Vehumet.
  7272 | D:5      | Learned a level 5 spell: Lee's Rapid Deconstruction
  7417 | D:5      | Reached skill level 1 in Fighting
  7418 | D:5      | Found a sparkling altar of Nemelex Xobeh.
  7552 | D:5      | Reached skill level 1 in Evocations
  7717 | D:5      | Found a burning altar of Makhleb.
  7860 | D:5      | Found a bloodstained altar of Trog.
  8222 | D:6      | Reached skill level 1 in Armour
  8885 | D:6      | Found a shimmering altar of Xom.
  9526 | D:7      | Reached XP level 9. HP: 49/49 MP: 7/19
  9785 | D:7      | Reached skill level 7 in Spellcasting
  9785 | D:7      | Reached skill level 5 in Conjurations
 10129 | D:7      | Offered knowledge of Magic Dart by Vehumet.
 10137 | D:7      | Learned a level 1 spell: Magic Dart
 10269 | D:7      | Reached ** piety under Vehumet
 10910 | D:8      | Noticed nikopol's ghost (novice MiBe)
 12660 | D:8      | Offered knowledge of Inner Flame by Vehumet.
 12660 | D:8      | Reached XP level 10. HP: 56/56 MP: 21/21
 12706 | D:8      | Reached skill level 8 in Spellcasting
 13230 | D:9      | Reached *** piety under Vehumet
 13265 | D:9      | Noticed simples's ghost (novice MiBe)
 14066 | D:9      | Offered knowledge of Airstrike by Vehumet.
 14252 | D:9      | Found a staircase to the Lair.
 14642 | D:9      | Found a staircase to the Orcish Mines.
 15302 | D:9      | Reached **** piety under Vehumet
 15321 | D:9      | Reached skill level 5 in Armour
 15377 | D:9      | Offered knowledge of Sticky Flame by Vehumet.
 15384 | D:9      | Learned a level 4 spell: Sticky Flame
 15424 | D:9      | Reached skill level 5 in Fighting
 16019 | Lair:1   | Entered Level 1 of the Lair of Beasts
 16137 | Lair:1   | Reached skill level 9 in Spellcasting
 16293 | Lair:1   | Reached XP level 11. HP: 41/64 MP: 23/24
 16508 | D:9      | Reached skill level 1 in Fire Magic
 17547 | Lair:1   | Reached ***** piety under Vehumet
 18316 | Lair:2   | Offered knowledge of Iskenderun's Mystic Blast by Vehumet.
 18599 | Lair:2   | Learned a level 2 spell: Shroud of Golubria
 19579 | Lair:3   | Reached skill level 5 in Dodging
 19811 | Lair:3   | Found a staircase to the Swamp.
 19831 | Lair:3   | Found a staircase to the Snake Pit.
 20013 | Lair:3   | Noticed Gastronok
 20663 | Lair:4   | Reached XP level 12. HP: 71/71 MP: 25/25
 21022 | Lair:4   | Reached skill level 10 in Spellcasting
 21022 | Lair:4   | Reached skill level 5 in Evocations
 21301 | Lair:4   | Reached skill level 10 in Earth Magic
 21703 | Lair:3   | Killed Gastronok
 21703 | Lair:3   | Reached skill level 1 in Maces & Flails
 23035 | Lair:5   | Noticed Snorg
 23075 | Lair:5   | Offered knowledge of Conjure Ball Lightning by Vehumet.
 23603 | Lair:5   | Reached XP level 13. HP: 78/78 MP: 27/27
 23774 | Lair:5   | Killed Snorg
 24608 | Lair:5   | Reached skill level 11 in Spellcasting
 26531 | Lair:6   | Reached skill level 5 in Fire Magic
 27238 | Lair:6   | Offered knowledge of Bolt of Magma by Vehumet.
 27238 | Lair:6   | Gained mutation: Your large and strong wings let you fly indefinitely. [Gargoyle growth]
 27238 | Lair:6   | Reached XP level 14. HP: 84/84 MP: 3/29
 27379 | Lair:6   | Learned a level 5 spell: Bolt of Magma
 29649 | Lair:8   | Entered Level 8 of the Lair of Beasts
 29765 | Lair:8   | Noticed Kirke
 29866 | Lair:6   | Reached skill level 5 in Maces & Flails
 30490 | Lair:8   | Killed Kirke
 30490 | Lair:8   | Reached skill level 12 in Spellcasting
 31745 | Lair:8   | Reached XP level 15. HP: 22/90 MP: 9/31
 32119 | Lair:8   | Offered knowledge of Venom Bolt by Vehumet.
 32381 | Lair:8   | Found a staircase to the Slime Pits.
 33463 | Orc:1    | Entered Level 1 of the Orcish Mines
 33648 | Orc:2    | Entered Level 2 of the Orcish Mines
 34173 | Orc:1    | Found a roughly hewn altar of Beogh.
 34327 | Orc:1    | Paralysed by an orc sorcerer for 4 turns
 34385 | Orc:1    | Found a roughly hewn altar of Beogh.
 34401 | Orc:1    | Found Esif's Gadget Emporium.
 34518 | Orc:2    | Found a staircase to the Elven Halls.
 34938 | Orc:2    | Offered knowledge of Freezing Cloud by Vehumet.
 35687 | Orc:1    | Reached skill level 10 in Conjurations
 36496 | Orc:2    | Found Tudiez's Food Emporium.
 36497 | Orc:2    | Found Vup Wong's Book Emporium.
 36498 | Orc:2    | Found Efe Ozea's Antique Weapon Shoppe.
 36500 | Orc:2    | Found Giuplenn's Distillery.
 36903 | Orc:2    | Bought the Volume of Flames and Ice for 925 gold pieces
 36903 | Orc:2    | Bought a book of the Earth for 845 gold pieces
 36905 | Orc:2    | Bought a potion of heal wounds for 65 gold pieces
 36911 | Orc:2    | Learned a level 5 spell: Fireball
 36918 | Orc:2    | Learned a level 6 spell: Iron Shot
 37001 | D:10     | Entered Level 10 of the Dungeon
 37257 | D:10     | Found a flagged portal.
 37300 | Bailey   | Entered a bailey
 37305 | Bailey   | Noticed MARSONE's ghost (novice GrFi)
 37322 | Bailey   | Noticed georgeearnest's ghost (novice DrMo)
 39548 | D:12     | Noticed ReniFell's ghost (journeyman MiFi)
 39733 | D:12     | Killed ReniFell's ghost
 39733 | D:12     | Reached skill level 10 in Fighting
 39957 | D:12     | Reached skill level 1 in Shields
 40110 | D:12     | Got a steaming ring mail
 40162 | D:12     | Offered knowledge of Delayed Fireball by Vehumet.
 40802 | Lair:2   | Identified the +6 ring mail "Astrot Vuu" {rF- rC+ Str+8 Dex+5} (You found it on level 12 of the Dungeon)
 41031 | D:13     | Found a gate to the Vaults.
 41306 | D:13     | Reached XP level 16. HP: 77/97 MP: 18/32
 41541 | D:13     | Reached skill level 13 in Spellcasting
 43068 | D:14     | Reached skill level 10 in Armour
 43760 | D:14     | Offered knowledge of Bolt of Fire by Vehumet.
 43768 | D:14     | Learned a level 6 spell: Bolt of Fire
 44206 | D:14     | Reached ****** piety under Vehumet
 45206 | D:15     | Entered Level 15 of the Dungeon
 45354 | D:15     | Found Baitih's Bounteous Boutique.
 45560 | D:15     | Found Edeu's Magic Scroll Emporium.
 46089 | D:15     | HP: 2/98 [death knight/glaive (15)]
 46581 | D:15     | Found a staircase to the Depths.
 47142 | D:15     | Found Wiyne's General Store.
 48618 | Swamp:1  | Entered Level 1 of the Swamp
 48664 | Swamp:1  | Offered knowledge of Lehudib's Crystal Spear by Vehumet.
 48664 | Swamp:1  | Offered knowledge of Fire Storm by Vehumet.
 48664 | Swamp:1  | Offered knowledge of Glaciate by Vehumet.
 48846 | Swamp:1  | Noticed a tentacled monstrosity
 48875 | Swamp:1  | Killed a tentacled monstrosity
 49060 | Swamp:1  | Reached XP level 17. HP: 104/104 MP: 20/34
 49153 | Swamp:1  | Noticed Donald
 49333 | Lair:3   | Killed Donald
 50689 | Swamp:2  | Reached skill level 5 in Shields
 52054 | Swamp:2  | Noticed Frances
 52371 | Swamp:2  | Killed Frances
 52567 | Swamp:2  | Reached skill level 14 in Spellcasting
 53997 | Swamp:3  | Got a pair of distressingly furry boots
 54012 | Swamp:3  | Identified the +1 pair of boots of Leaves {*Drain +Inv Str+7 Int-3} (You found it on level 3 of the Swamp)
 54379 | Swamp:3  | Found a burning altar of Makhleb.
 55080 | Swamp:3  | Got a distressingly furry cloak
 55091 | Swamp:3  | Identified the +1 cloak "Woutiutz" {Dex+4} (You found it on level 3 of the Swamp)
 55307 | Swamp:4  | Entered Level 4 of the Swamp
 57409 | Swamp:4  | Reached XP level 18. HP: 110/110 MP: 24/36
 58438 | Swamp:4  | Got a twisted mace
 58509 | Swamp:4  | Identified the +8 mace of the Shallot {antimagic, rElec Str+4 Stlth-} (You found it on level 4 of the Swamp)
 60850 | Swamp:4  | Got a decaying rune of Zot
 61009 | Lair:2   | Learned a level 3 spell: Ignite Poison
 61014 | Lair:2   | Learned a level 4 spell: Force Lance
 61046 | Snake:1  | Entered Level 1 of the Snake Pit
 61736 | Snake:1  | Noticed Azrael
 61743 | Snake:1  | Killed Azrael
 64830 | Snake:1  | Reached skill level 15 in Spellcasting
 65373 | Snake:2  | Reached skill level 10 in Evocations
 65373 | Snake:2  | Reached XP level 19. HP: 116/116 MP: 19/38
 65646 | Snake:2  | Noticed Aizul
 66212 | Snake:2  | Killed Aizul
 67259 | Snake:3  | Found a flickering gateway to a bazaar.
 67268 | Bazaar   | Entered a bazaar
 67289 | Bazaar   | Found Zebbuhog's General Store.
 67323 | Bazaar   | Found Iminosu's Distillery.
 67334 | Bazaar   | Found Suuwett's Gadget Emporium.
 67368 | Bazaar   | Found Vaarpho Qim's Book Shoppe.
 67426 | Bazaar   | Found Axodunt's Book Shoppe.
 67575 | Bazaar   | Bought a Young Poisoner's Handbook for 440 gold pieces
 67584 | Bazaar   | Bought a scroll of silence for 82 gold pieces
 67584 | Bazaar   | Bought an uncursed amulet of magic regeneration for 330 gold pieces
 68609 | Snake:3  | Got a crude bardiche {chop}
 68610 | Snake:3  | Identified the cursed +1 bardiche "Isotat" {chop, rElec MR+} (You took it off a salamander on level 3 of the Snake Pit)
 68840 | Snake:3  | Reached skill level 10 in Fire Magic
 69152 | Snake:4  | Entered Level 4 of the Snake Pit
 70554 | Snake:4  | Noticed Nikola
 70563 | Snake:4  | Killed Nikola
 71050 | Snake:4  | Reached XP level 20. HP: 124/124 MP: 24/39
 72067 | Snake:4  | Reached skill level 10 in Dodging
 72467 | Snake:4  | Got a serpentine rune of Zot
 72702 | Lair:2   | Learned a level 3 spell: Mephitic Cloud
 72848 | Elf:1    | Entered Level 1 of the Elven Halls
 73225 | Elf:1    | Reached skill level 15 in Earth Magic
 74093 | Elf:1    | Reached skill level 16 in Spellcasting
 74414 | Elf:2    | Found Osucrog's Antique Armour Shop.
 74709 | Elf:2    | Found a huge runed gate.
 74709 | Elf:2    | Found a huge runed gate.
 74709 | Elf:2    | Found a huge runed gate.
 74709 | Elf:2    | Found a huge runed gate.
 74709 | Elf:2    | Found a huge runed gate.
 75311 | Elf:2    | Reached XP level 21. HP: 129/129 MP: 34/41
 76619 | Elf:3    | Entered Level 3 of the Elven Halls
 77103 | Elf:3    | Cast into level 2 of the Abyss (a deep elf demonologist)
 77406 | Elf:3    | Escaped the Abyss
 77729 | Vaults:1 | Entered Level 1 of the Vaults
 77827 | D:13     | Gained mutation: You tend to lose your temper in combat. [mutagenic glow]
 79967 | Vaults:1 | Reached skill level 10 in Shields
 81035 | Vaults:2 | Noticed Xtahua
 81581 | Vaults:2 | Reached XP level 22. HP: 124/136 MP: 24/42
 83266 | Vaults:2 | Found a staircase to the Crypt.
 83293 | Vaults:2 | Found a portal to a secret trove of treasure.
 83498 | Vaults:2 | Killed Xtahua
 84223 | Vaults:2 | Reached skill level 17 in Spellcasting
 84946 | Vaults:2 | Noticed Jorgrun
 84977 | Vaults:2 | Killed Jorgrun
 85048 | Vaults:2 | Found Plog's Antique Weapon Shoppe.
 85261 | Vaults:3 | Got a ring of the Octopus King
 85263 | Vaults:3 | Identified a ring of the Octopus King {MP+9 AC+1 EV+1 Str+1 Int+1 Dex+1} (You found it on level 3 of the Vaults)
 85956 | Vaults:3 | Noticed simples's ghost (adept MiBe)
 87788 | Vaults:3 | Killed simples's ghost
 88253 | Vaults:3 | Reached XP level 23. HP: 132/143 MP: 13/44
 90408 | Vaults:4 | Got a transparent leather armour
 90409 | Vaults:4 | Identified the +2 leather armour of the Three Moons {rPois} (You found it on level 4 of the Vaults)
 91181 | Vaults:4 | Reached skill level 15 in Conjurations
 92513 | D:9      | Killed simples's ghost
 92607 | Lair:2   | Identified 2 scrolls of acquirement
 92901 | Vaults:2 | You paid a toll of 2 scrolls of acquirement to enter a treasure trove
 92902 | Trove    | Entered a treasure trove
 92922 | Trove    | Got a slimy jade ring
 92950 | Trove    | Identified the ring "Sodov" {SustAt rF+ Str+4 Int+3} (You found it in a treasure trove)
 93774 | Elf:3    | Gained mutation: Your flesh is heat resistant. [a neqoxec]
 93911 | Elf:3    | Got an encrusted trident {flame}
 94292 | Elf:3    | Got an encrusted leather armour
 94343 | Elf:3    | Got a spiked chain mail
 94628 | Lair:2   | Identified the +2 leather armour of Viofem {+Fly rPois Str+2 Dex+3} (You took it off a deep elf blademaster on level 3 of the Elven Halls)
 94648 | Lair:2   | Identified the +2 chain mail of the Ward {rPois rF+ Str+4 Int+3} (You took it off a deep elf master archer on level 3 of the Elven Halls)
 94662 | Lair:2   | Identified a +6 rod of clouds (14/14) (You took it off a deep elf demonologist on level 3 of the Elven Halls)
 94664 | Lair:2   | Identified the cursed +1 trident "Dethid" {flame, *Rage rF- MR++ Str+7} (You took it off a deep elf mage on level 3 of the Elven Halls)
 94983 | Elf:3    | Reached skill level 18 in Spellcasting
 94985 | Elf:3    | Reached XP level 24. HP: 149/149 MP: 34/45
 95708 | Depths:1 | Entered Level 1 of the Depths
 96597 | D:15     | Reached skill level 15 in Fighting
 96824 | D:15     | Reached skill level 15 in Armour
 97087 | Depths:1 | Found a gateway to Hell.
 97318 | Depths:1 | Found a huge runed gate.
 97319 | Depths:1 | Found a huge runed gate.
 97322 | Depths:1 | Found a huge runed gate.
 97325 | Depths:1 | Found a huge runed gate.
 97334 | Depths:1 | Found a huge runed gate.
 97335 | Depths:1 | Found a huge runed gate.
 97344 | Depths:1 | Found a huge runed gate.
 97345 | Depths:1 | Found a huge runed gate.
 97345 | Depths:1 | Found a huge runed gate.
 97345 | Depths:1 | Found a huge runed gate.
 97346 | Depths:1 | Found a huge runed gate.
 97347 | Depths:1 | Found a huge runed gate.
 97348 | Depths:1 | Found a huge runed gate.
 97348 | Depths:1 | Found a huge runed gate.
 97355 | Depths:1 | Found a huge runed gate.
 97355 | Depths:1 | Found a huge runed gate.
 97359 | Depths:1 | Found a huge runed gate.
 97605 | Depths:1 | Found a huge runed gate.
 97606 | Depths:1 | Found a huge runed gate.
 97606 | Depths:1 | Found a huge runed gate.
 97607 | Depths:1 | Found a huge runed gate.
 99282 | Depths:2 | Noticed Asterion
 99711 | Depths:1 | Killed Asterion
100426 | Depths:2 | Identified the Disquisition on the Assistive Birds
101830 | Depths:3 | Found a one-way gate leading to the halls of Pandemonium.
102438 | Depths:3 | Found a one-way gate to the infinite horrors of the Abyss.
102493 | Depths:3 | Found a gateway to a ziggurat.
102504 | Depths:3 | Reached XP level 25. HP: 139/156 MP: 44/45
104339 | Depths:3 | Noticed a juggernaut
105091 | Depths:4 | Noticed anything's ghost (veteran CeHu)
105745 | D:15     | Learned a level 8 spell: Lehudib's Crystal Spear
105770 | Depths:1 | Reached skill level 19 in Spellcasting
106237 | Depths:3 | Killed a juggernaut
106677 | Depths:3 | Noticed a juggernaut
106695 | Depths:3 | Got a ruby-encrusted ring mail
106811 | Depths:3 | Identified the +3 ring mail "Caetid" {+Fly MR+} (You found it on level 3 of the Depths)
106833 | Depths:3 | Killed a juggernaut
107819 | Vaults:5 | Entered Level 5 of the Vaults
107841 | Vaults:4 | Reached XP level 26. HP: 124/163 MP: 2/46
110583 | Vaults:5 | Noticed Wiglaf
110620 | Vaults:4 | Killed Wiglaf
111240 | Vaults:5 | Noticed Frederick
111251 | Vaults:5 | Killed Frederick
111614 | Vaults:5 | Got a slimy great sword
112624 | Vaults:4 | Reached XP level 27. HP: 158/169 MP: 41/46
113000 | Vaults:5 | Noticed an ancient lich
113474 | Vaults:5 | Found Ismugg's Armour Shoppe.
114033 | Vaults:5 | Got a fine flail {crush}
114263 | Vaults:5 | Got a silver rune of Zot
114289 | Vaults:5 | Got a pair of scorched gloves
114317 | Vaults:5 | Identified the cursed -1 pair of gloves of the Cooper {rElec rN+ MP+9 Str-3 Dex+3} (You found it on level 5 of the Vaults)
114747 | Vaults:5 | Identified the +7 flail of the Toadstool {crush, Dex+2} (You took it off a deep elf knight on level 5 of the Vaults)
114908 | Vaults:4 | Reached skill level 20 in Spellcasting
114918 | Vaults:4 | Killed an ancient lich
117250 | Depths:4 | Killed anything's ghost
117425 | Depths:4 | Reached skill level 15 in Fire Magic
119092 | Depths:4 | Got a polished scale mail
119890 | Depths:3 | Identified the +3 scale mail of Mumu {rElec rC- Str+5 SInv} (You found it on level 4 of the Depths)
120365 | Depths:4 | Got a fine granite ring
120516 | Depths:4 | Got a steaming steel ring
120546 | Depths:3 | Identified the ring of Gozag's Pride {*Tele MR+ Str+5} (You took it off a frost giant on level 4 of the Depths)
120547 | Depths:3 | Identified the ring "Qunas" {-Tele rF+ rN+ Slay+3} (You took it off a frost giant on level 4 of the Depths)
121819 | Depths:5 | Entered Level 5 of the Depths
122487 | Depths:5 | Noticed a juggernaut
122615 | Depths:4 | Killed a juggernaut
123008 | Depths:5 | Reached skill level 15 in Evocations
123060 | Depths:3 | HP: 4/172 [acid (9)]
123060 | Depths:3 | Demolished by a caustic shrike

Skill      XL: |  1  2  3  4  5  6  7  8  9 10 11 12 13 14 15 16 17 18 19 20 21 22 23 24 25 26 27 |
---------------+----------------------------------------------------------------------------------+-----
Earth Magic    | 4 5 6 7 8 9 10 11 12 13 14 15 16 17 18 19 | 19.4
Spellcasting   | 3 4 5 6 7 9 10 11 12 13 14 15 16 17 18 19 20 | 20.4
Conjurations   | 1 2 3 4 5 6 7 8 9 10 11 12 13 14 15 16 17 | 17.6
Fighting       | 2 4 5 6 7 8 9 10 11 12 13 14 15 16 17 | 17.3
Evocations     | 1 3 4 5 6 7 8 9 10 11 12 13 14 15 | 15.0
Armour         | 2 4 5 6 7 8 9 10 11 12 13 14 15 16 17 | 17.4
Dodging        | 2 3 4 5 6 7 8 9 10 11 12 13 | 13.9
Fire Magic     | 3 4 5 6 7 8 9 10 11 12 13 14 16 | 16.1
Maces & Flails | 2 4 5 6 |  6.4
Shields        | 1 4 6 7 8 9 10 11 12 13 14 | 14.9
Stealth        | |  2.1
Transmutations | |  0.7

Action                   |  1- 3 |  4- 6 |  7- 9 | 10-12 | 13-15 | 16-18 | 19-21 | 22-24 | 25-27 || total
-------------------------+-------+-------+-------+-------+-------+-------+-------+-------+-------++-------
Melee: Whip              |    23 |       |       |       |       |       |       |       |       ||    23
       Short sword       |    17 |    28 |       |       |       |       |       |       |       ||    45
       Flail             |       |    91 |   215 |   220 |   330 |   150 |    30 |    50 |    70 ||  1156
       Staff             |       |       |       |       |       |    44 |   103 |    42 |    39 ||   228
Throw: Javelin           |       |       |       |       |     8 |       |       |       |       ||     8
       Tomahawk          |       |       |       |       |       |       |     1 |     4 |       ||     5
 Cast: Sandblast         |    56 |   104 |    13 |    13 |     8 |     1 |       |       |       ||   195
       Stone Arrow       |       |    17 |   176 |   517 |   954 |   981 |   558 |   158 |    70 ||  3431
       Magic Dart        |       |       |       |     1 |       |       |       |     1 |       ||     2
       Shroud of Golubri |       |       |       |     5 |     6 |     3 |       |       |     3 ||    17
       Sticky Flame      |       |       |       |       |    52 |   165 |   198 |   178 |   212 ||   805
       Bolt of Magma     |       |       |       |       |    23 |     1 |       |     2 |       ||    26
       Iron Shot         |       |       |       |       |    22 |   292 |   481 |   876 |   771 ||  2442
       Fireball          |       |       |       |       |     2 |     4 |    10 |     4 |     1 ||    21
       Lee's Rapid Decon |       |       |       |       |     1 |    19 |     5 |    12 |     9 ||    46
       Bolt of Fire      |       |       |       |       |       |     1 |    13 |    18 |    27 ||    59
       Force Lance       |       |       |       |       |       |       |     2 |     4 |     2 ||     8
       Ignite Poison     |       |       |       |       |       |       |     2 |       |       ||     2
       Mephitic Cloud    |       |       |       |       |       |       |     5 |     7 |     4 ||    16
       Lehudib's Crystal |       |       |       |       |       |       |       |       |   224 ||   224
 Abil: Fly               |       |       |       |       |     1 |     3 |       |       |       ||     4
       Evoke Invisibilit |       |       |       |       |     1 |       |       |       |       ||     1
Evoke: Wand              |       |       |       |       |     1 |     5 |     4 |    13 |     9 ||    32
       Fan of gales      |       |       |       |       |       |       |       |     2 |       ||     2
       Lamp of fire      |       |       |       |       |       |       |       |     1 |       ||     1
  Use: Scroll            |       |     7 |     3 |     7 |     5 |     8 |     6 |    20 |    15 ||    71
       Potion            |       |       |       |       |       |     4 |       |     5 |     6 ||    15
 Stab: Sleeping          |       |     2 |     2 |     1 |     1 |       |       |       |       ||     6
  Eat: Chunk             |     3 |    10 |    27 |    34 |    49 |    39 |    34 |    40 |    35 ||   271
       Pizza             |       |       |     1 |       |     4 |     1 |       |     1 |     1 ||     8
       Royal jelly       |       |       |     1 |       |     1 |    16 |       |       |       ||    18
       Beef jerky        |       |       |       |     1 |     4 |     5 |       |     1 |       ||    11
       Fruit             |       |       |       |       |       |     5 |     5 |     3 |    10 ||    23
       Bread ration      |       |       |       |       |       |     1 |     2 |     3 |     3 ||     9
       Meat ration       |       |       |       |       |       |       |       |     2 |     1 ||     3
Armor: Robe              |    41 |    88 |   218 |   209 |   103 |   369 |   247 |   247 |   283 ||  1805
       Leather armour    |       |       |       |    12 |   168 |       |       |       |       ||   180
       Skin              |       |       |       |       |     5 |       |       |       |       ||     5
       Ring mail         |       |       |       |       |       |       |       |       |     1 ||     1
Dodge: Dodged            |    56 |   139 |   274 |   473 |   755 |  1131 |   896 |   651 |   781 ||  5156
Block: Buckler           |       |       |       |       |    21 |   359 |   360 |   156 |       ||   896
       Shield            |       |       |       |       |       |       |       |   254 |   790 ||  1044
